 Dungeon Crawl Stone Soup version 0.30.1-11-g7821555f0a (webtiles) character file.

Game seed: 2132076147554948192

2020088 jfcaron the Impregnable (level 27, 225/225 HPs)
             Began as a Gnoll Conjurer on Nov 15, 2023.
             Was the Champion of Vehumet.
             Escaped with the Orb
             ... and 4 runes on Nov 16, 2023!
             The game lasted 04:30:24 (94066 turns).

jfcaron the Impregnable (Gnoll Conjurer)           Turns: 94066, Time: 04:30:24

Health: 225/225    AC: 28    Str: 14    XL:     27
Magic:  66/66      EV: 21    Int: 51    God:    Vehumet [******]
Gold:   3698       SH: 22    Dex: 13    Spells: 6/67 levels left

rFire   + + .        a - +3 Elemental Staff {rElec rF+ rC+ AC+3}
rCold   + . .        z - +5 kite shield {AC+3}
rNeg    + + +        t - +1 leather armour of the Equinox {Fly Int+9 Dex-2}
rPois   .            R - +3 hat of Pondering {ponderous, Will+ MP+10 Int+5}
rElec   +            n - +2 cloak {rCorr}
rCorr   +            J - +2 pair of gloves {Dex+3}
SInv    +            Q - +1 pair of boots of the Stone Wall {rN+ SInv}
Will    +++++        d - amulet of the Four Winds {rN+ Will+++ Clar}
Stlth   +++          h - ring "Riah" {rN+ MP+9 Int+3}
HPRegen 0.57/turn    E - ring "Maehezi" {*Corrode rF+ rN+ Str+7 Int+6}
MPRegen 0.40/turn

%: corrode self (3%), clarity
@: flying, studying 2 skills, slow
A: fangs 1, strong nose, distributed training, weak 1
0: Orb of Zot
}: 4/15 runes: barnacled, slimy, silver, gossamer
a: Renounce Religion


You escaped.
You worshipped Vehumet.
Vehumet was exalted by your worship.
You visited 13 branches of the dungeon, and saw 57 of its levels.
You visited the Abyss 1 time.
You also visited: Sewer, Bailey and Ice Cave.

You collected 8640 gold pieces.
You spent 4942 gold pieces at shops.

Inventory:

Hand Weapons
 a - the +3 Elemental Staff (weapon) {rElec rF+ rC+ AC+3}
   (You found it in an ice cave)

   It enhances your fire, ice, earth and air magic.
   AC:        It affects your AC (+3).
   rF:        It protects you from fire.
   rC:        It protects you from cold.
   rElec:     It insulates you from electricity.
Missiles
 c - 5 throwing nets {!f}
 x - 29 curare-tipped darts {!f}
 V - 8 silver javelins {!f}
 Y - 13 atropa-tipped darts {!f}
 Z - 9 javelins
Armour
 n - a +2 cloak of preservation (worn)
   (You took it off Nikola on level 3 of the Spider Nest)
 t - the +1 leather armour of the Equinox (worn) {Fly Int+9 Dex-2}
   (You found it on level 2 of the Vaults)

   Int:       It affects your intelligence (+9).
   Dex:       It affects your dexterity (-2).
   Fly:       It grants you flight.
 z - a +5 kite shield of protection (worn)
   (You took it off Donald on level 2 of the Elven Halls)
 J - a +2 pair of gloves of dexterity (worn)
   (You found it in an ice cave)
 Q - the +1 pair of boots of the Stone Wall (worn) {rN+ SInv}
   (You found it on level 5 of the Lair of Beasts)

   rN:        It protects you from negative energy.
   SInv:      It lets you see invisible.
 R - the +3 hat of Pondering (worn) {ponderous, Will+ MP+10 Int+5}
   (You took it off Gastronok on level 10 of the Dungeon)

   Int:       It affects your intelligence (+5).
   MP:        It affects your magic capacity (+10).
   Will:      It increases your willpower.
Magical Staves
 b - the staff of conjuration "Luymp" {rElec rPois SInv}
   (You found it on level 4 of the Shoals)

   [staff of conjuration]

   Base accuracy: +5 Base damage: 5 Base attack delay: 1.2 This weapon's minimum
   attack delay (0.6) is reached at skill level 12.
   rElec:     It insulates you from electricity.
   rPois:     It protects you from poison.
   SInv:      It lets you see invisible.
   It falls into the 'Staves' category.
   It is a one-handed weapon.
Jewellery
 d - the amulet of the Four Winds (around neck) {rN+ Will+++ Clar}
   (You took it off a deep elf sorcerer on level 3 of the Elven Halls)

   [amulet of nothing]

   rN:        It protects you from negative energy.
   Clar:      It protects you from confusion, rage, mesmerisation and fear.
   Will:      It greatly increases your willpower.
 h - the ring "Riah" (left hand) {rN+ MP+9 Int+3}
   (You found it on level 14 of the Dungeon)

   [ring of positive energy]

   Int:       It affects your intelligence (+3).
   rN:        It protects you from negative energy.
   MP:        It affects your magic capacity (+9).
 E - the ring "Maehezi" (right hand) {*Corrode rF+ rN+ Str+7 Int+6}
   (You bought it in a shop on level 4 of the Depths)

   [ring of intelligence]

   Str:       It affects your strength (+7).
   Int:       It affects your intelligence (+6).
   rF:        It protects you from fire.
   rN:        It protects you from negative energy.
   *Corrode:  It may corrode you when you take damage.
Wands
 e - a wand of iceblast (45)
   (You found it on level 3 of the Vaults)
 q - a wand of polymorph (32)
   (You found it on level 5 of the Lair of Beasts)
 A - a wand of charming (66)
   (You found it on level 6 of the Dungeon)
 N - a wand of mindburst (11)
 P - a wand of digging (18)
   (You took it off an orc on level 9 of the Dungeon)
 S - a wand of light (30)
   (You found it on level 15 of the Dungeon)
Scrolls
 g - 3 scrolls of summoning
 v - 6 scrolls of fog
 w - 4 scrolls of silence
 D - 23 scrolls of teleportation
 F - a scroll of magic mapping
 K - 15 scrolls of poison
 L - 10 scrolls of fear
 O - 9 scrolls of blinking
 T - 5 scrolls of immolation
 W - 5 scrolls of vulnerability
Potions
 f - 25 potions of heal wounds
 i - 7 potions of invisibility
 j - 10 potions of ambrosia
 k - 2 potions of resistance
 l - 7 potions of cancellation
 o - 16 potions of might
 p - 6 potions of attraction
 r - 30 potions of curing
 s - 14 potions of mutation
 u - 10 potions of haste
 B - 19 potions of flight
 C - 7 potions of brilliance
 G - 9 potions of lignification
 H - 8 potions of berserk rage
 I - 6 potions of magic
Miscellaneous
 m - a lightning rod (4/4)
   (You found it on level 15 of the Dungeon)
 y - a condenser vane
   (You found it on level 1 of the Lair of Beasts)
 M - a phial of floods
   (You found it on level 15 of the Dungeon)
 U - a box of beasts
   (You found it on level 1 of the Lair of Beasts)
 X - the horn of Geryon
   (You took it off Geryon in the Vestibule of Hell)


   Skills:
 + Level 20.3 Fighting
 + Level 20.3 Short Blades
 + Level 20.3 Long Blades
 + Level 20.3 Axes
 + Level 20.3 Maces & Flails
 + Level 20.3 Polearms
 + Level 20.3 Staves
 + Level 20.3 Ranged Weapons
 + Level 20.3 Throwing
 + Level 25.7 Armour
 + Level 20.7 Dodging
 + Level 20.7 Stealth
 + Level 25.5 Shields
 + Level 20.3 Unarmed Combat
 + Level 20.8 Spellcasting
 + Level 18.6 Conjurations
 + Level 17.4 Hexes
 + Level 17.4 Summonings
 + Level 17.4 Necromancy
 + Level 17.4 Translocations
 + Level 17.4 Transmutations
 + Level 17.4 Fire Magic
 + Level 17.4 Ice Magic
 + Level 17.4 Air Magic
 + Level 17.4 Earth Magic
 + Level 17.4 Poison Magic
 + Level 21.9 Invocations
 + Level 20.3 Evocations


You had 6 spell levels left.
You knew the following spells:

 Your Spells              Type           Power      Damage    Failure   Level
a - Magic Dart            Conj           100%       1d8       0%          1
b - Searing Ray           Conj           100%       2d8       0%          2
c - Iskenderun's Battles  Conj           100%       2d15      0%          5
d - Frozen Ramparts       Ice            100%       1d16      0%          3
e - Iskenderun's Mystic   Conj/Tloc      100%       2d19      0%          4
f - Blink                 Tloc           100%       N/A       0%          2
g - Polar Vortex          Ice            74%        N/A       7%          9
h - Summon Ice Beast      Ice/Summ       100%       N/A       0%          4
i - Dispel Undead         Necr           100%       3d31      0%          4
j - Iron Shot             Conj/Erth      75%        9d14      1%          6
k - Fireball              Conj/Fire      75%        3d28      0%          5
l - Maxwell's Capacitive  Air            74%        ∞         1%          8
m - Ignition              Fire           74%        3d19      1%          8

Your spell library contained the following spells:

 Spells                   Type           Power      Damage    Failure   Level
 Chain Lightning          Conj/Air       75%        3d100     5%          9
 Fire Storm               Conj/Fire      75%        8d19      5%          9
 Apportation              Tloc           100%       N/A       0%          1
 Foxfire                  Conj/Fire      100%       2x1d9     0%          1
 Freeze                   Ice            100%       1d10      0%          1
 Kiss of Death            Conj/Necr      100%       2d13      0%          1
 Necrotise                Necr           100%       1d9       0%          1
 Shock                    Conj/Air       100%       1d9       0%          1
 Sting                    Tmut/Pois      100%       1d8       0%          1
 Summon Small Mammal      Summ           100%       N/A       0%          1
 Call Imp                 Summ           100%       N/A       0%          2
 Ensorcelled Hibernation  Hex/Ice        100%       N/A       0%          2
 Lesser Beckoning         Tloc           100%       N/A       0%          2
 Momentum Strike          Conj/Tloc      100%       3d10      0%          2
 Poisonous Vapours        Pois/Air       100%       N/A       0%          2
 Scorch                   Fire           100%       2d9       0%          2
 Static Discharge         Conj/Air       100%       2-7/arc   0%          2
 Sublimation of Blood     Necr           100%       N/A       0%          2
 Confusing Touch          Hex            100%       N/A       0%          3
 Dazzling Flash           Conj/Hex       100%       N/A       0%          3
 Gell's Gravitas          Tloc           100%       N/A       0%          3
 Hailstorm                Conj/Ice       100%       3d20      0%          3
 Inner Flame              Hex/Fire       100%       N/A       0%          3
 Mephitic Cloud           Conj/Pois/Air  100%       N/A       0%          3
 Portal Projectile        Hex/Tloc       100%       N/A       0%          3
 Stone Arrow              Conj/Erth      100%       3d13      0%          3
 Teleport Other           Tloc           100%       N/A       0%          3
 Tukima's Dance           Hex            100%       N/A       0%          3
 Vampiric Draining        Necr           100%       2d13      0%          3
 Vhi's Electric Charge    Tloc/Air       100%       N/A       0%          3
 Volatile Blastmotes      Fire/Tloc      100%       2d18      0%          3
 Airstrike                Air            74%        2d(11-27) 0%          4
 Animate Armour           Summ/Erth      100%       N/A       0%          4
 Flame Wave               Conj/Fire      100%       2d21      0%          4
 Fulminant Prism          Conj/Hex       63%        3d26      0%          4
 Ice Form                 Ice/Tmut       100%       N/A       0%          4
 Leda's Liquefaction      Hex/Erth       74%        N/A       0%          4
 Manifold Assault         Tloc           100%       N/A       0%          4
 Olgreb's Toxic Radiance  Pois           100%       N/A       0%          4
 Passage of Golubria      Tloc           100%       N/A       0%          4
 Petrify                  Tmut/Erth      100%       N/A       0%          4
 Summon Lightning Spire   Summ/Air       100%       N/A       0%          4
 Agony                    Necr           100%       N/A       0%          5
 Alistair's Intoxication  Tmut/Pois      82%        N/A       0%          5
 Arcjolt                  Conj/Air       75%        1d85      0%          5
 Blade Hands              Tmut           62%        N/A       0%          5
 Borgnjor's Vile Clutch   Necr/Erth      74%        N/A       0%          5
 Freezing Cloud           Conj/Ice/Air   88%        6-21      0%          5
 Irradiate                Conj/Tmut      63%        3d32      0%          5
 Lee's Rapid Deconstruct  Erth           74%        3d33*     0%          5
 Silence                  Hex/Air        74%        N/A       0%          5
 Summon Forest            Summ/Tloc      62%        N/A       0%          5
 Yara's Violent Unravell  Hex/Tmut       62%        3d23      0%          5
 Conjure Ball Lightning   Conj/Air       75%        3x3d28    1%          6
 Dispersal                Tloc           62%        N/A       1%          6
 Eringya's Noxious Bog    Tmut/Pois      62%        N/A       1%          6
 Plasma Beam              Fire/Air       87%        2x1d116   1%          6
 Simulacrum               Ice/Necr       74%        N/A       1%          6
 Starburst                Conj/Fire      75%        6d19      1%          6
 Summon Cactus Giant      Summ           62%        N/A       1%          6
 Dragon Form              Tmut           62%        N/A       1%          7
 Enfeeble                 Hex            62%        N/A       1%          7
 Malign Gateway           Summ/Tloc      62%        N/A       1%          7
 Ozocubu's Refrigeration  Ice            74%        4d24      1%          7
 Spellforged Servitor     Conj/Summ      63%        N/A       1%          7
 Storm Form               Tmut/Air       74%        N/A       1%          7
 Summon Hydra             Summ           62%        N/A       1%          7
 Discord                  Hex            62%        N/A       1%          8
 Disjunction              Tloc           62%        N/A       1%          8
 Lehudib's Crystal Spear  Conj/Erth      75%        10d17     1%          8
 Summon Horrible Things   Summ           62%        N/A       1%          8
 Shatter                  Erth           74%        3d54*     7%          9


Dungeon Overview and Level Annotations

Branches:
Dungeon (15/15)            Temple (1/1) D:5            Lair (5/5) D:8
 Shoals (4/4) Lair:2       Spider (4/4) Lair:2        Slime (5/5) Lair:5
    Orc (2/2) D:9             Elf (3/3) Orc:2        Vaults (5/5) D:13
  Crypt (3/3) Vaults:2       Tomb (0/3) Crypt:3      Depths (4/4) D:15
   Hell (visited)             Dis (0/7) Hell            Geh (0/7) Hell
    Coc (0/7) Hell            Tar (0/7) Hell            Zot (5/5) Depths:4
  Sewer (visited)          Bailey (visited)           IceCv (visited)

Altars:
Ashenzari
Cheibriados
Dithmenos
Elyvilon
Fedhas
Gozag
Hepliaklqana
Kikubaaqudgha
Makhleb
Nemelex Xobeh
Okawaru
Qazlal
Ru
Sif Muna
Trog
Uskayaw
Vehumet
Wu Jian
Xom
Yredelemnul
Zin
The Shining One
Jiyva

Shops:
D:8 *   D:12 :   D:13 *   D:15 !   Orc:1 [   Orc:2 [(:   Shoals:1 *?*
Shoals:4 !   Vaults:4 *   Depths:4 *!(=*

Portals:
Hell: Depths:1 Depths:2 Depths:3 Depths:4
Abyss: Depths:3 Depths:4
Pandemonium: Depths:2 Depths:4
Ziggurat: Depths:1

Annotations:
Zot:4 2 transporters


Innate Abilities, Weirdness & Mutations

You have very sharp teeth.
Your uncanny sense of smell can sniff out nearby items.
Your experience applies equally to all skills.
You are weak. (Str -2)


Message History

You feel a surge of power!
The iron shot hits the Orb Guardian!!!
The Orb Guardian is almost dead.
Casting: Iron Shot (safe; 1% risk of failure)
Confirm with . or Enter, or press ? or * to list all spells.
Aiming: Iron Shot (safe; 1% risk of failure)
Press: ? - help, Shift-Dir - straight line, f/p - Orb Guardian
Aim: an Orb Guardian (almost dead, 76% to hit)
You feel a surge of power!
The iron shot hits the Orb Guardian!!!!
You kill the Orb Guardian!
Vehumet accepts your kill.
You feel your power returning.
(D) Dungeon (T) Temple (L) Lair (A) Shoals (N) Spider Nest (M) Slime Pits (O) Orcish Mines (E) Elven Halls (V) Vaults (C) Crypt (W) Tomb (U) Depths (H) Hell (I) Dis (G) Gehenna (X) Cocytus (Y) Tartarus (Z) Zot
Where to? (Enter - D:1 @ (x,y), ? - help)
There is an open door here.
There is an open door here.
There is an open door here.
Magic restored.
There is an open door here.
There is a stone staircase leading up here.
You fly upwards.
There is a stone staircase leading down here.
There is a stone staircase leading up here.
You fly upwards.
There is a stone staircase leading down here.
There is a stone staircase leading up here.
You fly upwards.
There is a stone staircase leading down here.
There is an open door here.
There is an open door here.
There is an open door here.
There is an open door here.
There is a stone staircase leading up here.
You fly upwards.
There is a stone staircase leading down here.
There is a staircase leading out of the dungeon here.
You have escaped!

....# #... ....# #############
#... ....# ########...........#
#### ....# #P.............P##.#
....# #~P...........P~##.####
....# #≈≈P.........P≈≈##....#
....# #≈~~P.......P~~≈##....###
.#### #≈≈≈~P.....P≈≈≈≈##....#..
.########≈≈≈~~P.@.P~~~≈≈##....#..
.......##≈≈~~P.....P≈~~≈##....#..
####...##≈~~P.......P~~≈##.......
..##...##~~P.........P~~##....#..
.......##~P...........P~##.####..
####....#P.............P##.# #..
##÷...........>.........# #.. ##
#.#........############# #..
.####.#........########### ###


There were no monsters in sight!

Vanquished Creatures
  Dissolution (Slime:3)
  the Royal Jelly (Slime:5)
  2 dread liches (Zot:5)
  2 ancient liches
  10 orbs of fire
  Mara (Depths:1)
  Mennas (Vaults:3)
  A juggernaut (Depths:2)
  A royal mummy (Crypt:2)
  The ghost of Muataran the Slayer, a veteran MiMo of Yredelemnul (Zot:4)
  Boris (Vaults:3)
  4 curse toes
  Bai Suzhen (Vaults:3)
  5 Killer Klowns
  9 golden dragons
  Geryon (Hell)
  Nikola (Spider:3)
  A profane servitor (Crypt:3)
  Jory (Vaults:5)
  Arachne (Spider:3)
  2 bone dragons
  The ghost of Zhuub the Acrobat, an adept MiGl of Nemelex Xobeh (Vaults:1)
  A shard shrike zombie (Crypt:3)
  3 doom hounds (Depths:2)
  Rupert (D:13)
  27 tentacled monstrosities
  2 electric golems (Zot:5)
  Jorgrun (D:14)
  11 liches
  Grunn (Depths:2)
  Asterion (Depths:2)
  28 Orb Guardians
  7 quicksilver dragons
  4 titans
  A walking divine tome (Depths:2)
  4 deep elf master archers
  A quicksilver dragon (shapeshifter) (Vaults:5)
  5 deep elf blademasters
  12 acid blobs
  A walking frostbound tome (Depths:4)
  13 ancient champions
  3 sphinxes
  A kraken (Shoals:4)
  A tentacled starspawn (Abyss:2)
  Gastronok (D:10)
  Agnes (D:14)
  The ghost of Grendle the Earth Mage, an adept GrEE of Vehumet (Shoals:2)
  8 shadow dragons
  The ghost of Zipteul the Fencer, an adept NaBe of Trog (Shoals:3)
  Donald (Elf:2)
  5 revenants
  9 tengu reavers
  15 storm dragons
  11 death cobs
  7 azure jellies
  4 draconian monks
  The ghost of Vatovie the Impaler, a journeyman MiBe of Trog (Elf:2)
  11 fire giants
  Ilsuiw (Shoals:2)
  4 deep elf sorcerers (Elf:3)
  6 emperor scorpions
  3 rockslimes
  10 draconian scorchers
  A daeva (Depths:4)
  8 draconian knights
  17 vault wardens
  16 frost giants
  Louise (Depths:4)
  Aizul (Shoals:1)
  5 orc warlords
  3 iron dragons
  4 draconian annihilators
  8 ghost moths
  6 ghouls
  4 angels (Depths:3)
  6 deep elf elementalists
  11 draconian stormcallers
  4 draconian shifters
  A spriggan defender (Depths:4)
  21 very ugly things
  19 ironbound preservers
  A caustic shrike skeleton (Crypt:3)
  3 curse skulls (Crypt:2)
  11 quicksilver oozes
  2 broodmothers
  20 stone giants
  7 reapers
  9 ironbound thunderhulks
  9 green draconians
  The ghost of Woods the Thaumaturge, a journeyman DjCj of Ashenzari (Orc:2)
  2 deep elf demonologists
  4 war gargoyles
  An eleionoma (shapeshifter) (Depths:2)
  9 vampire knights
  14 black draconians
  11 purple draconians
  A lorocyproca (Abyss:2)
  18 spark wasps
  9 dire elephants
  9 red draconians
  7 deep elf annihilators
  19 white draconians
  4 eidola
  9 yellow draconians
  19 ettins
  A blizzard demon (D:8)
  A crystal guardian (Vaults:2)
  5 merfolk javelineers
  6 fire dragons
  4 deep elf death magi
  A quicksilver dragon zombie (Depths:3)
  7 great orbs of eyes
  Josephine (Orc:1)
  A kraken zombie (Hell)
  11 jiangshi
  14 yaktaur captains
  15 entropy weavers
  12 merfolk impalers
  7 deep elf high priests
  2 spriggan zombies
  Harold (D:9)
  8 ice dragons
  2 merfolk avatars
  6 hydras
  2 peacekeepers (Vaults:2)
  2 rakshasas
  16 ironbound frosthearts
  4 hell beasts
  5 radroaches
  12 centaur warriors
  2 spriggan air magi (Depths:3)
  An ogre mage (Vaults:5)
  30 vault guards
  2 spriggan skeletons
  A jorogumo (Spider:4)
  2 alligator snapping turtles
  4 catoblepae
  10 boulder beetles
  5 two-headed ogres
  3 death knights
  3 merfolk aquamancers
  A deep troll shaman (Depths:2)
  13 death yaks
  A satyr (Shoals:2)
  8 deep troll earth magi
  4 hell hogs
  7 vampire magi
  23 dancing weapons
  3 orc high priests (Orc:2)
  2 spriggan berserkers
  5 tengu warriors
  Sonja (D:13)
  A titan zombie (Crypt:1)
  11 hell knights
  5 large abominations (D:14)
  21 deep elf knights
  A titan skeleton (Crypt:1)
  26 skeletal warriors
  11 soul eaters
  2 salamander mystics
  4 skysharks
  11 sun demons
  5 iron trolls
  4 shadow wraiths
  15 sea snakes
  2 sun moths (Spider:4)
  5 cherubim (Depths:3)
  An obsidian statue (Zot:5)
  10 orb spiders
  3 pharaoh ants
  A deep troll (shapeshifter) (Elf:3)
  32 deep trolls
  An anaconda zombie (Hell)
  2 golden dragon zombies (Depths:3)
  6 flayed ghosts
  A quicksilver dragon simulacrum (Depths:3)
  A swamp dragon (shapeshifter) (Vaults:5)
  3 bog bodies (Crypt:3)
  7 wizards
  12 steelbarb worms
  10 phantasmal warriors
  2 spriggan simulacra
  A sphinx zombie (Depths:3)
  17 deep elf archers
  16 lindwurms
  17 ironbound convokers
  15 harpies
  35 deep elf zephyrmancers
  2 orange crystal statues
  A shining eye (Slime:1)
  7 necromancers
  12 orc knights
  39 deep elf pyromancers
  A manticore (shapeshifter) (Vaults:5)
  56 ugly things
  23 wolf spiders
  14 manticores
  11 fauns
  4 cyclopes
  5 salamanders
  9 orc sorcerers (Orc:2)
  An oklob plant (Lair:2)
  2 tengu skeletons
  A sphinx skeleton (Crypt:1)
  A frost giant zombie (Depths:3)
  An iron dragon skeleton (Crypt:3)
  27 moths of wrath
  26 elephants
  4 water nymphs
  13 merfolk sirens
  13 smoke demons
  60 slime creatures
  3 black mambas
  A cane toad (shapeshifter) (D:13)
  10 rust devils
  20 vault sentinels
  A black mamba (shapeshifter) (Elf:2)
  3 stone giant skeletons
  4 eyes of devastation (Slime:5)
  7 demonic crawlers
  An orange demon (Depths:2)
  6 torpor snails
  A water nymph (shapeshifter) (Vaults:5)
  6 cane toads
  2 molten gargoyles (Hell)
  5 gargoyles
  An efreet (D:14)
  2 hellions (Depths:2)
  6 freezing wraiths
  26 yaktaurs
  2 catoblepas zombies
  An anaconda simulacrum (Hell)
  4 tengu conjurers
  19 rime drakes
  10 ice devils
  6 komodo dragons
  A black draconian skeleton (Crypt:3)
  A steelbarb worm zombie (Crypt:2)
  A grey draconian skeleton (Crypt:1)
  4 guardian mummies (Crypt:3)
  2 red devils
  A hellwing (Depths:4)
  A shadow dragon simulacrum (Depths:3)
  A troll (shapeshifter) (D:10)
  A human skeleton (Vaults:3)
  6 trolls
  39 merfolk
  9 wind drakes
  5 hornets
  21 polar bears
  9 meliai
  A hydra zombie (Crypt:3)
  15 tarantellas
  A hornet (shapeshifter) (D:10)
  An alligator zombie (Hell)
  A tengu simulacrum (Depths:3)
  15 blink frogs
  An ettin zombie (Crypt:2)
  7 snapping turtles
  A fire giant simulacrum (Depths:3)
  A jumping spider (shapeshifter) (Elf:2)
  19 jumping spiders
  11 flying skulls (Crypt:1)
  A black mamba zombie (Crypt:3)
  A spriggan (shapeshifter) (D:15)
  2 air elementals
  An ice dragon skeleton (Crypt:3)
  2 shadows
  4 spriggans
  10 wraiths
  16 culicivoras
  An ettin skeleton (Crypt:3)
  5 wyverns
  19 water elementals
  5 vampires
  A ynoxinul (Depths:2)
  3 fire elementals
  A chaos spawn (Depths:1)
  44 yaks
  4 fire bats (Depths:1)
  12 golden eyes
  A redback (shapeshifter) (Depths:2)
  2 basilisks
  A black mamba skeleton (Crypt:2)
  2 steam dragons (D:9)
  6 vampire mosquitoes
  16 humans (D:13)
  An ogre zombie (Vaults:3)
  63 redbacks
  A demonspawn zombie (Crypt:1)
  2 naga zombies
  7 wargs
  10 water moccasins
  2 hydra simulacra
  2 acid dragons
  A floating eye (Depths:2)
  A faun skeleton (Crypt:2)
  41 orc warriors
  A sky beast (D:7)
  An ice beast (D:7)
  A black bear (shapeshifter) (D:10)
  6 boggarts
  3 black bears
  8 wolves
  5 ogres
  12 centaurs
  2 elephant skeletons
  A torpor snail zombie (Crypt:3)
  A phantom (D:5)
  5 kobold brigands
  The ghost of rundlesten the Sneak, an amateur OpHW (D:3)
  5 bullfrogs
  3 earth elementals
  3 gnoll sergeants
  A wyvern zombie (Crypt:2)
  2 komodo dragon skeletons
  6 scorpions
  A water moccasin zombie (Crypt:2)
  A wyvern skeleton (Crypt:3)
  A yaktaur skeleton (Crypt:1)
  A warg zombie (Crypt:1)
  A shapeshifter zombie (Crypt:2)
  A yak skeleton (Crypt:1)
  7 killer bees (D:9)
  A polar bear skeleton (Crypt:1)
  11 howler monkeys
  8 small abominations
  2 jellies (D:8)
  6 hounds
  21 orc priests
  A sleepcap (D:6)
  2 iguanas
  15 orc wizards
  8 hell rats
  4 naga skeletons
  17 gnolls
  7 river rats
  22 adders
  2 dart slugs
  5 worms
  76 orcs
  11 endoplasms
  8 giant cockroaches
  11 goblins
  12 hobgoblins
  8 jackals
  31 kobolds
  6 quokkas
  12 ball pythons
  19 bats
  10 frilled lizards
  A gnoll skeleton (Crypt:1)
  A goblin zombie (Crypt:3)
  5 rats
  A river rat zombie (Crypt:1)
  73 fulminant prisms
  4 tentacles (Shoals:4)
2655 creatures vanquished.

Notes
Turn   | Place    | Note
-------+----------+-------------------------------------------
     0 | D:1      | jfcaron the Gnoll Conjurer began the quest for the Orb.
     0 | D:1      | Reached XP level 1. HP: 13/13 MP: 6/6
   128 | D:1      | Reached XP level 2. HP: 19/19 MP: 0/7
   250 | D:1      | Learned a level 2 spell: Searing Ray
   663 | D:1      | Reached skill level 5 in Spellcasting
   663 | D:1      | Reached XP level 3. HP: 25/25 MP: 6/9
  1015 | D:2      | Learned a level 3 spell: Dazzling Flash
  1042 | D:2      | Reached skill level 1 in Invocations
  1177 | D:2      | Reached skill level 1 in Fighting
  1177 | D:2      | Reached skill level 1 in Short Blades
  1177 | D:2      | Reached skill level 1 in Long Blades
  1177 | D:2      | Reached skill level 1 in Axes
  1177 | D:2      | Reached skill level 1 in Maces & Flails
  1177 | D:2      | Reached skill level 1 in Polearms
  1177 | D:2      | Reached skill level 1 in Staves
  1177 | D:2      | Reached skill level 1 in Ranged Weapons
  1177 | D:2      | Reached skill level 1 in Throwing
  1177 | D:2      | Reached skill level 1 in Armour
  1177 | D:2      | Reached skill level 1 in Shields
  1177 | D:2      | Reached skill level 1 in Unarmed Combat
  1177 | D:2      | Reached skill level 1 in Evocations
  1213 | D:2      | Reached XP level 4. HP: 32/32 MP: 7/11
  1297 | D:2      | Found a shimmering altar of Xom.
  1434 | D:2      | Reached skill level 1 in Hexes
  1434 | D:2      | Reached skill level 1 in Summonings
  1434 | D:2      | Reached skill level 1 in Necromancy
  1434 | D:2      | Reached skill level 1 in Translocations
  1434 | D:2      | Reached skill level 1 in Transmutations
  1434 | D:2      | Reached skill level 1 in Fire Magic
  1434 | D:2      | Reached skill level 1 in Ice Magic
  1434 | D:2      | Reached skill level 1 in Air Magic
  1434 | D:2      | Reached skill level 1 in Earth Magic
  1434 | D:2      | Reached skill level 1 in Poison Magic
  2501 | D:3      | Found a runed translucent door.
  2502 | D:3      | Noticed rundlesten's ghost (amateur OpHW)
  2895 | D:3      | Reached XP level 5. HP: 37/37 MP: 6/12
  4484 | D:5      | Entered Level 5 of the Dungeon
  4528 | D:5      | Reached XP level 6. HP: 30/44 MP: 1/13
  4533 | D:5      | Found a glowing drain.
  4576 | Sewer    | Entered a sewer
  4701 | Sewer    | Reached skill level 5 in Dodging
  4978 | Sewer    | Learned a level 3 spell: Frozen Ramparts
  5842 | D:5      | Reached XP level 7. HP: 51/51 MP: 5/15
  6031 | D:5      | Reached skill level 5 in Stealth
  6391 | D:5      | Reached XP level 8. HP: 27/58 MP: 16/16
  6404 | D:5      | HP: 9/58 [orc/+0 war axe (6)]
  6408 | D:5      | HP: 1/58 [orc/+0 war axe (5)]
  6948 | D:5      | Found a staircase to the Ecumenical Temple.
  6957 | Temple   | Entered the Ecumenical Temple
  7122 | Temple   | Became a worshipper of Vehumet
  7982 | D:6      | Identified the ring "Hiprana" {MP+9 Str+6 Dex+3 Stlth+}
  8150 | D:6      | Learned a level 4 spell: Iskenderun's Mystic Blast
  8544 | D:6      | Found a burning altar of Makhleb.
  8546 | D:6      | Noticed a blizzard demon
  8763 | D:7      | Learned a level 2 spell: Blink
  8799 | D:7      | Reached XP level 9. HP: 65/65 MP: 18/18
  8899 | D:7      | Found a flagged portal.
  8903 | D:7      | Identified the +10 hand axe "Death Rattle" {vamp, rPois
                  | rC+}
  8909 | Bailey   | Entered a bailey
  8920 | Bailey   | Learned a level 4 spell: Fulminant Prism
  8941 | Bailey   | Reached * piety under Vehumet
  8941 | Bailey   | Offered knowledge of Foxfire by Vehumet.
  9006 | Bailey   | Noticed an orc warlord
  9093 | Bailey   | Noticed an orc knight
  9095 | Bailey   | Noticed an orc knight
  9101 | Bailey   | Noticed an orc knight
  9106 | Bailey   | Killed an orc knight
  9109 | Bailey   | Killed an orc knight
  9110 | Bailey   | Reached skill level 5 in Invocations
  9120 | Bailey   | Found a runed translucent gate.
  9120 | Bailey   | Found a runed translucent gate.
  9123 | Bailey   | Found a runed translucent gate.
  9140 | Bailey   | Killed an orc knight
  9680 | Bailey   | Reached skill level 5 in Hexes
  9680 | Bailey   | Reached skill level 5 in Summonings
  9680 | Bailey   | Reached skill level 5 in Necromancy
  9680 | Bailey   | Reached skill level 5 in Translocations
  9680 | Bailey   | Reached skill level 5 in Transmutations
  9680 | Bailey   | Reached skill level 5 in Fire Magic
  9680 | Bailey   | Reached skill level 5 in Ice Magic
  9680 | Bailey   | Reached skill level 5 in Air Magic
  9680 | Bailey   | Reached skill level 5 in Earth Magic
  9680 | Bailey   | Reached skill level 5 in Poison Magic
  9680 | Bailey   | Reached XP level 10. HP: 74/77 MP: 22/22
  9686 | Bailey   | Learned a level 4 spell: Summon Ice Beast
  9723 | Bailey   | HP: 12/77 [orc warlord/+5 broad axe (23)]
  9729 | Bailey   | Killed an orc warlord
  9730 | Bailey   | Reached XP level 11. HP: 12/83 MP: 3/23
 10371 | D:7      | Found a large runed translucent door.
 10372 | D:7      | Found a large runed translucent door.
 10798 | D:7      | Found a shimmering altar of Xom.
 11005 | D:3      | Killed rundlesten's ghost
 11246 | D:8      | Found Ufrootaf's General Store.
 11269 | D:8      | Found a glowing silver altar of Zin.
 11320 | D:8      | Reached ** piety under Vehumet
 11320 | D:8      | Offered knowledge of Static Discharge by Vehumet.
 11481 | D:8      | Found a shimmering altar of Xom.
 11976 | D:8      | Found a staircase to the Lair.
 12112 | D:9      | Noticed Harold
 12121 | D:9      | Killed Harold
 12691 | D:9      | Found a bloodstained altar of Trog.
 12763 | D:9      | Noticed a two-headed ogre
 12770 | D:9      | Killed a two-headed ogre
 12860 | D:9      | Found a large runed translucent door.
 12861 | D:9      | Found a large runed translucent door.
 12938 | D:9      | Offered knowledge of Momentum Strike by Vehumet.
 13060 | D:9      | Found an ancient bone altar of Kikubaaqudgha.
 13089 | D:9      | Reached *** piety under Vehumet
 13295 | D:9      | Found a staircase to the Orcish Mines.
 13560 | D:9      | Found a broken altar of Ashenzari.
 13563 | D:9      | Found an ornate altar of the Wu Jian Council.
 13579 | D:10     | Entered Level 10 of the Dungeon
 13587 | D:10     | Learned a level 5 spell: Iskenderun's Battlesphere
 13657 | D:10     | Noticed Gastronok
 13670 | D:10     | Killed Gastronok
 13671 | D:10     | Reached XP level 12. HP: 34/91 MP: 23/25
 13929 | D:10     | Noticed a two-headed ogre
 13934 | D:10     | Killed a two-headed ogre
 13934 | D:10     | Offered knowledge of Stone Arrow by Vehumet.
 14027 | D:10     | Noticed a death knight
 14037 | D:10     | Killed a death knight
 14243 | D:10     | Learned a level 4 spell: Dispel Undead
 14419 | D:10     | Found a glowing golden altar of the Shining One.
 14422 | D:10     | Found a basalt altar of Yredelemnul.
 14430 | D:10     | Found an opulent altar of Gozag.
 14467 | D:10     | Found a hide-covered altar of Uskayaw.
 14903 | Orc:1    | Entered Level 1 of the Orcish Mines
 14903 | Orc:1    | Found Taezxeoc's Antique Armour Boutique.
 15140 | Orc:2    | Entered Level 2 of the Orcish Mines
 15170 | Orc:1    | Noticed an orc warlord
 15173 | Orc:1    | Noticed Josephine
 15173 | Orc:1    | Reached **** piety under Vehumet
 15173 | Orc:1    | Offered knowledge of Freezing Cloud by Vehumet.
 15393 | Orc:2    | Noticed an orc high priest
 15681 | Lair:1   | Entered Level 1 of the Lair of Beasts
 16682 | Lair:2   | Found a hole to the Spider Nest.
 16856 | Lair:2   | Noticed a six-headed hydra
 16861 | Lair:2   | Killed a six-headed hydra
 16862 | Lair:2   | Reached skill level 10 in Conjurations
 16862 | Lair:2   | Reached XP level 13. HP: 98/98 MP: 26/26
 17234 | Lair:2   | Found a staircase to the Shoals.
 17902 | Lair:3   | Reached skill level 10 in Spellcasting
 18678 | Lair:3   | Reached skill level 10 in Dodging
 18735 | Lair:3   | Reached ***** piety under Vehumet
 19025 | Lair:4   | Offered knowledge of Plasma Beam by Vehumet.
 19048 | Lair:4   | Reached skill level 10 in Stealth
 19491 | Lair:4   | Reached skill level 10 in Invocations
 19570 | Lair:4   | Reached XP level 14. HP: 97/108 MP: 28/28
 20128 | Lair:5   | Entered Level 5 of the Lair of Beasts
 20137 | Lair:5   | Identified the +1 pair of boots of the Stone Wall {rN+
                  | SInv}
 21275 | Lair:5   | Found a staircase to the Slime Pits.
 21289 | Lair:5   | Found a viscous altar of Jiyva.
 22244 | Orc:2    | Reached skill level 10 in Fighting
 22244 | Orc:2    | Reached skill level 10 in Short Blades
 22244 | Orc:2    | Reached skill level 10 in Long Blades
 22244 | Orc:2    | Reached skill level 10 in Axes
 22244 | Orc:2    | Reached skill level 10 in Maces & Flails
 22244 | Orc:2    | Reached skill level 10 in Polearms
 22244 | Orc:2    | Reached skill level 10 in Staves
 22244 | Orc:2    | Reached skill level 10 in Ranged Weapons
 22244 | Orc:2    | Reached skill level 10 in Throwing
 22244 | Orc:2    | Reached skill level 10 in Armour
 22244 | Orc:2    | Reached skill level 10 in Shields
 22244 | Orc:2    | Reached skill level 10 in Unarmed Combat
 22244 | Orc:2    | Reached skill level 10 in Evocations
 22327 | Orc:2    | Reached XP level 15. HP: 100/115 MP: 30/30
 22397 | Orc:2    | Noticed an orc warlord
 22412 | Orc:2    | Killed an orc warlord
 22482 | Orc:2    | Found Mega's Book Shop.
 22542 | Orc:2    | Offered knowledge of Ozocubu's Refrigeration by Vehumet.
 22956 | Orc:2    | Found a runed translucent door.
 22956 | Orc:2    | Noticed Woods's ghost (journeyman DjCj)
 23037 | Orc:2    | Learned a level 6 spell: Iron Shot
 23082 | Orc:2    | Found Ziyzesche's Antique Weapon Emporium.
 23166 | Orc:2    | Found a staircase to the Elven Halls.
 23172 | Orc:2    | Found Owas's General Store.
 23201 | Orc:2    | Found Wuaweh Zipo's Antique Armour Emporium.
 23450 | Orc:2    | Killed Woods's ghost
 23457 | Orc:2    | Identified the staff of death "Lunwiep" {rElec rPois rN+}
 23602 | Orc:1    | Noticed an orc warlord
 23615 | Orc:2    | Killed an orc warlord
 23790 | Orc:1    | Killed Josephine
 23865 | Orc:1    | Killed an orc warlord
 24103 | Orc:2    | Bought a glowing robe for 99 gold pieces
 24133 | Orc:2    | Bought a masterwork long sword for 221 gold pieces
 24133 | Orc:2    | Identified the +7 long sword of Yredelemnul {vamp, rF+
                  | rCorr} (You bought it in a shop on level 2 of the Orcish
                  | Mines)
 24159 | Orc:2    | Bought Maxwell's Memoranda for 646 gold pieces
 24159 | Orc:2    | Bought a book of Fire for 748 gold pieces
 25893 | D:12     | Found Dobiat's Book Shoppe.
 27009 | D:13     | Offered knowledge of Conjure Ball Lightning by Vehumet.
 27507 | D:13     | Found Zin's Purification Station.
 27507 | D:13     | Found a glowing silver altar of Zin.
 27758 | D:13     | Noticed Sonja
 27759 | D:13     | Killed Sonja
 27835 | D:13     | Noticed Rupert
 27842 | D:13     | Paralysed by Rupert for 3 turns
 27845 | D:13     | Killed Rupert
 27870 | D:13     | Reached XP level 16. HP: 124/124 MP: 31/32
 27957 | D:13     | Found a gate to the Vaults.
 28067 | D:14     | You fall into a shaft and drop 1 floor!
 28067 | D:15     | Entered Level 15 of the Dungeon
 28100 | D:15     | Found Hafapnej's Distillery.
 28110 | D:15     | Bought a potion of heal wounds for 70 gold pieces
 28210 | D:14     | Found a frozen archway.
 28228 | IceCv    | Entered an ice cave
 28366 | IceCv    | Found the +3 Elemental Staff {rElec rF+ rC+ AC+3}
 28993 | IceCv    | Offered knowledge of Irradiate by Vehumet.
 29430 | IceCv    | Reached ****** piety under Vehumet
 29497 | IceCv    | Got the Collected Works on the Winter
 30261 | D:14     | Noticed Jorgrun
 30266 | D:14     | Killed Jorgrun
 30608 | D:15     | Found a staircase to the Depths.
 30667 | D:14     | Learned a level 5 spell: Fireball
 30734 | D:14     | Noticed Agnes
 30738 | D:14     | Killed Agnes
 30851 | Abyss:2  | Cast into level 2 of the Abyss (a wizard)
 30893 | Abyss:2  | Noticed a tentacled starspawn
 30895 | Abyss:2  | Killed a tentacled starspawn
 30936 | D:14     | Escaped the Abyss
 30978 | D:14     | Reached XP level 17. HP: 132/133 MP: 33/33
 31021 | D:14     | Identified the ring "Riah" {rN+ MP+9 Int+3}
 31167 | D:14     | Reached skill level 10 in Hexes
 31167 | D:14     | Reached skill level 10 in Summonings
 31167 | D:14     | Reached skill level 10 in Necromancy
 31167 | D:14     | Reached skill level 10 in Translocations
 31167 | D:14     | Reached skill level 10 in Transmutations
 31167 | D:14     | Reached skill level 10 in Fire Magic
 31167 | D:14     | Reached skill level 10 in Ice Magic
 31167 | D:14     | Reached skill level 10 in Air Magic
 31167 | D:14     | Reached skill level 10 in Earth Magic
 31167 | D:14     | Reached skill level 10 in Poison Magic
 31908 | D:15     | Offered knowledge of Orb of Destruction by Vehumet.
 32602 | D:12     | Bought a manual of Shields for 880 gold pieces
 32777 | Spider:1 | Entered Level 1 of the Spider Nest
 35116 | Spider:2 | Offered knowledge of Yara's Violent Unravelling by Vehumet.
 36201 | Spider:3 | Noticed Arachne
 36208 | Spider:3 | Killed Arachne
 36511 | Spider:3 | Noticed Nikola
 36523 | Spider:3 | Killed Nikola
 36938 | Spider:3 | Identified the +7 plate armour of Generosity {Rampage}
 37120 | Spider:3 | Reached XP level 18. HP: 132/141 MP: 35/35
 37843 | Spider:4 | Entered Level 4 of the Spider Nest
 38366 | Spider:4 | Offered knowledge of Lehudib's Crystal Spear by Vehumet.
 40157 | Spider:4 | Got a gossamer rune of Zot
 40806 | Shoals:1 | Entered Level 1 of the Shoals
 41082 | Shoals:1 | Found Emongil's Assorted Antiques.
 41090 | Shoals:1 | Bought a potion of heal wounds for 210 gold pieces
 41609 | Shoals:1 | Found Corphia's Magic Scroll Shoppe.
 41612 | Shoals:1 | Bought a scroll of blinking for 120 gold pieces
 41638 | Shoals:1 | Found Rexalue's Assorted Antiques.
 41646 | Shoals:1 | Noticed Aizul
 41651 | Shoals:1 | Killed Aizul
 42092 | Shoals:2 | Noticed Grendle's ghost (adept GrEE)
 42132 | Shoals:2 | Found a runed translucent door.
 42240 | Shoals:2 | Reached XP level 19. HP: 149/149 MP: 37/37
 42431 | Shoals:2 | Noticed Ilsuiw
 42436 | Shoals:2 | Killed Ilsuiw
 42436 | Shoals:2 | Offered knowledge of Fire Storm by Vehumet.
 42436 | Shoals:2 | Offered knowledge of Shatter by Vehumet.
 42436 | Shoals:2 | Offered knowledge of Chain Lightning by Vehumet.
 42885 | Shoals:2 | Reached skill level 15 in Armour
 42965 | Shoals:2 | Identified the +0 scale mail "Dewnechu" {rElec rF- Int+5}
 43009 | Shoals:2 | Identified the +12 morningstar of Doom {venom, rPois rF-
                  | rC+++}
 43140 | Shoals:2 | Killed Grendle's ghost
 43446 | Shoals:3 | Found a runed translucent door.
 43553 | Shoals:3 | Noticed Zipteul's ghost (adept NaBe)
 44112 | Shoals:3 | Killed Zipteul's ghost
 44120 | Shoals:3 | Identified the +3 mace of Qabryrphoikk {drain, rElec rPois
                  | rCorr}
 44218 | Shoals:4 | Entered Level 4 of the Shoals
 44218 | Shoals:4 | Found Arphamie's Distillery.
 44456 | Shoals:4 | Reached skill level 15 in Shields
 44553 | Shoals:4 | Bought a potion of heal wounds for 100 gold pieces
 44553 | Shoals:4 | Bought a potion of heal wounds for 100 gold pieces
 44553 | Shoals:4 | Bought a potion of heal wounds for 100 gold pieces
 44553 | Shoals:4 | Bought a potion of curing for 60 gold pieces
 45219 | Shoals:4 | Identified the staff of conjuration "Luymp" {rElec rPois
                  | SInv}
 45417 | Shoals:4 | Got a barnacled rune of Zot
 45778 | Shoals:4 | Identified the staff of air "Liqeurar" {rElec Int+4}
 45930 | Shoals:4 | Reached skill level 15 in Invocations
 46187 | Elf:1    | Entered Level 1 of the Elven Halls
 46504 | Elf:1    | Reached XP level 20. HP: 158/158 MP: 38/38
 47002 | Elf:1    | Got Wadaiff's Information on Bolts
 47396 | Elf:1    | Identified a scroll of acquirement
 47404 | Elf:1    | Acquired 986 gold pieces
 48000 | Elf:2    | Identified the +1 scale mail "Fejoe" {Will- Str+2 Int+7
                  | Dex+3}
 48047 | Elf:2    | Reached skill level 15 in Spellcasting
 48139 | Elf:2    | Noticed Donald
 48144 | Elf:2    | Killed Donald
 48608 | Elf:2    | Found a runed translucent door.
 48611 | Elf:2    | Noticed Vatovie's ghost (journeyman MiBe)
 48857 | Elf:2    | Found a runed translucent gate.
 48857 | Elf:2    | Found a runed translucent gate.
 48859 | Elf:2    | Found a runed translucent gate.
 48968 | Elf:2    | Killed Vatovie's ghost
 49304 | Elf:2    | Reached skill level 15 in Dodging
 49771 | Elf:2    | Reached skill level 15 in Stealth
 49943 | Elf:3    | Entered Level 3 of the Elven Halls
 51174 | Elf:3    | Reached XP level 21. HP: 166/166 MP: 40/40
 52255 | Elf:3    | Identified the ring "Dehicrupn" {rN+ Int+6}
 52547 | Elf:3    | Got Xouq's Textbook on Imprecation and the Wendigo
 52551 | Elf:3    | Identified the staff of death "Xatos" {rElec rN+ Will-
                  | rCorr}
 52561 | Elf:3    | Identified the +4 mace of the Hidden Gods {protect, Str+4
                  | Dex+2}
 52608 | Elf:3    | Got the Compilation of the Tundra
 52630 | Elf:3    | Identified the staff of fire "Ujobli" {Fly rF+ Will- rCorr
                  | Dex+5}
 52637 | Elf:3    | Identified the +1 arbalest "Bexonytt" {antimagic, Dex+4}
 52703 | Elf:3    | jfcaron: ??order
 52703 | Elf:3    | beem: hyperelliptic[1/2]: D:11 -> Lair -> D:12 -> Orc ->
                  | D:15 -> S:3 -> maybe other S:3 -> get both S runes -> maybe
                  | Elf (but not the Elf:3 vault) -> Vaults:4 -> maybe Crypt ->
                  | Depths:4 -> Vaults:5 -> maybe Slime -> Zot ("S" means
                  | Shoals/Snake/Spider/Swamp)
 52954 | Vaults:1 | Entered Level 1 of the Vaults
 53001 | Vaults:1 | Found a large runed translucent door.
 53001 | Vaults:1 | Found a large runed translucent door.
 53002 | Vaults:1 | Noticed Zhuub's ghost (adept MiGl)
 53870 | Vaults:1 | Reached skill level 15 in Fighting
 53870 | Vaults:1 | Reached skill level 15 in Short Blades
 53870 | Vaults:1 | Reached skill level 15 in Long Blades
 53870 | Vaults:1 | Reached skill level 15 in Axes
 53870 | Vaults:1 | Reached skill level 15 in Maces & Flails
 53870 | Vaults:1 | Reached skill level 15 in Polearms
 53870 | Vaults:1 | Reached skill level 15 in Staves
 53870 | Vaults:1 | Reached skill level 15 in Ranged Weapons
 53870 | Vaults:1 | Reached skill level 15 in Throwing
 53870 | Vaults:1 | Reached skill level 15 in Unarmed Combat
 53870 | Vaults:1 | Reached skill level 15 in Evocations
 54225 | Vaults:1 | Identified the +1 chain mail "Limonox" {rN+}
 54822 | Vaults:1 | Found a transporter.
 54866 | Vaults:1 | Found a transporter.
 55320 | Vaults:1 | Killed Zhuub's ghost
 55327 | Vaults:1 | Identified the amulet "Neorgh" {Reflect +Inv rPois rF+
                  | SH+5}
 56125 | Vaults:1 | Reached XP level 22. HP: 113/175 MP: 28/42
 57305 | Vaults:1 | Identified the +1 troll leather armour "Jivuc" {Regen+
                  | Str+3}
 57315 | Vaults:1 | Identified the ring "Amaol" {Drain rC- EV+5 Int+2 Dex+6}
 57318 | Vaults:1 | Reached XP level 23. HP: 182/182 MP: 43/43
 57336 | Vaults:1 | Identified the ring "Xeleteun" {rPois Dex+5}
 57889 | Vaults:2 | Found a staircase to the Crypt.
 58520 | Vaults:2 | Identified the +1 leather armour of the Equinox {Fly Int+9
                  | Dex-2}
 58877 | Vaults:3 | Reached skill level 15 in Conjurations
 59201 | Vaults:3 | Noticed Bai Suzhen
 59208 | Vaults:3 | Killed Bai Suzhen
 59400 | Vaults:3 | Noticed Mennas
 59402 | Vaults:3 | Noticed Boris
 59412 | Vaults:3 | Killed Boris
 59427 | Vaults:3 | HP: 34/183 [Mennas/+2 trishula of holy wrath (11)]
 59709 | Vaults:3 | Learned a level 8 spell: Maxwell's Capacitive Coupling
 59773 | Vaults:3 | Killed Mennas
 61290 | Vaults:4 | Identified the +2 cloak of Peenynuf {Dex+4}
 61598 | Vaults:4 | Reached XP level 24. HP: 191/191 MP: 2/43
 61798 | Vaults:4 | Found Umiekuot's Assorted Antiques.
 62358 | Vaults:4 | Identified the amulet of Kizukh {Spirit +Blink rN+ Stlth-}
 62433 | Crypt:1  | Entered Level 1 of the Crypt
 65090 | Crypt:3  | Entered Level 3 of the Crypt
 66231 | Crypt:3  | Found a staircase to the Tomb.
 66805 | Crypt:3  | Noticed a royal mummy
 67378 | Crypt:2  | Killed a royal mummy
 67525 | Crypt:3  | Found a basalt altar of Yredelemnul.
 67529 | Crypt:3  | Found an ancient bone altar of Kikubaaqudgha.
 67550 | Crypt:3  | Identified the +6 short sword of the Pillar {heavy, Fly
                  | Will+ Str-2}
 67617 | Crypt:3  | Learned a level 8 spell: Ignition
 67678 | Crypt:3  | Found a basalt altar of Yredelemnul.
 67880 | Crypt:3  | Found an ancient bone altar of Kikubaaqudgha.
 68154 | Depths:1 | Entered Level 1 of the Depths
 68157 | Depths:1 | Found a one-way gateway to a ziggurat.
 68215 | Depths:1 | Noticed Mara
 68223 | Depths:1 | Killed Mara
 68230 | Depths:1 | Reached XP level 25. HP: 176/199 MP: 15/44
 68404 | Depths:1 | Found a shadowy altar of Dithmenos.
 68897 | Depths:1 | Found a faded altar of an unknown god.
 68897 | Depths:1 | Found a faded altar of an unknown god.
 68908 | Depths:1 | Found a hazy altar of Hepliaklqana.
 69250 | Depths:1 | Found a gateway to Hell.
 69521 | Depths:2 | Noticed Grunn
 69526 | Depths:2 | Killed Grunn
 70552 | Depths:2 | Noticed a juggernaut
 70557 | Depths:2 | Killed a juggernaut
 71795 | Depths:2 | Found a one-way gate leading to the halls of Pandemonium.
 71888 | Depths:2 | Noticed Asterion
 71896 | Depths:2 | Killed Asterion
 72252 | Depths:3 | Found a white marble altar of Elyvilon.
 72789 | Depths:3 | Found a one-way gate to the infinite horrors of the Abyss.
 72923 | Depths:3 | Reached XP level 26. HP: 209/209 MP: 45/45
 73580 | Depths:3 | Found an ancient bone altar of Kikubaaqudgha.
 73832 | Depths:3 | Reached skill level 15 in Hexes
 73832 | Depths:3 | Reached skill level 15 in Summonings
 73832 | Depths:3 | Reached skill level 15 in Necromancy
 73832 | Depths:3 | Reached skill level 15 in Translocations
 73832 | Depths:3 | Reached skill level 15 in Transmutations
 73832 | Depths:3 | Reached skill level 15 in Fire Magic
 73832 | Depths:3 | Reached skill level 15 in Ice Magic
 73832 | Depths:3 | Reached skill level 15 in Air Magic
 73832 | Depths:3 | Reached skill level 15 in Earth Magic
 73832 | Depths:3 | Reached skill level 15 in Poison Magic
 74056 | Depths:4 | Entered Level 4 of the Depths
 74059 | Depths:4 | Noticed Louise
 74061 | Depths:4 | Killed Louise
 74957 | Depths:4 | Found a gate to the Realm of Zot.
 75080 | Depths:4 | Found Roegiud's General Store.
 75087 | Depths:4 | Bought 2 potions of curing for 114 gold pieces
 75087 | Depths:4 | Bought a potion of haste for 190 gold pieces
 75087 | Depths:4 | Bought a wand of iceblast (5) for 228 gold pieces
 75108 | Depths:4 | Found a transporter.
 75161 | Depths:4 | Found Fejic's Weapon Emporium.
 75161 | Depths:4 | Found Oseonk's Jewellery Emporium.
 75239 | Depths:3 | Identified the staff of air "Poaprip" {rElec rF+ Will+
                  | Stlth+}
 75272 | Depths:4 | Found Wuladwoc's General Store.
 75276 | Depths:4 | Bought a potion of curing for 42 gold pieces
 75285 | Depths:4 | Found a glowing golden altar of the Shining One.
 75433 | Depths:4 | Found a transporter.
 75433 | Depths:4 | Found Vofum's Distillery.
 75624 | Depths:4 | Bought a potion of heal wounds for 80 gold pieces
 75624 | Depths:4 | Bought a potion of curing for 48 gold pieces
 75679 | Depths:4 | Bought the ring "Maehezi" {*Corrode rF+ rN+ Str+7 Int+6}
                  | for 886 gold pieces
 76000 | Slime:1  | Entered Level 1 of the Pits of Slime
 76172 | Slime:3  | Noticed Dissolution
 76180 | Slime:3  | Killed Dissolution
 76657 | Slime:5  | Entered Level 5 of the Pits of Slime
 76671 | Slime:5  | Noticed the Royal Jelly
 76674 | Slime:5  | Killed the Royal Jelly
 77119 | Slime:5  | Found the +7 mace of Variability {chaos, chaos arc}
 77136 | Slime:5  | Got a slimy rune of Zot
 77158 | Slime:5  | Got Sif Muna's Vademecum on Feathers
 77178 | Slime:5  | Identified the +5 plate armour of Weirdness {rF+}
 77198 | Slime:5  | Identified the ring of Ogoo {rElec EV+5}
 77207 | Slime:5  | Identified the ring of Oquenett {rN+ Slay+2 SInv Stlth+}
 77209 | Slime:5  | Identified a ring of the Healing Gods {Contam rElec rCorr
                  | MP+9 Dex+6}
 77237 | Slime:5  | Got the Elucidation of Minerals
 77242 | Slime:5  | Identified the +3 great sword "Ozirphas" {flame, rElec rN+
                  | Will+}
 77648 | Vaults:4 | Learned a level 9 spell: Polar Vortex
 77662 | Vaults:5 | Entered Level 5 of the Vaults
 77662 | Vaults:5 | Noticed Jory
 77664 | Vaults:5 | Killed Jory
 77679 | Vaults:5 | Reached XP level 27. HP: 143/218 MP: 45/45
 77979 | Vaults:5 | Noticed an ancient lich
 77984 | Vaults:5 | Killed an ancient lich
 78312 | Vaults:5 | Identified the +8 flail of the Head {heavy, rF+ Int+2}
 78791 | Vaults:5 | Identified the +8 sling of Intuition {drain, rElec Will+}
 78870 | Vaults:5 | Identified the +6 scale mail of Joy {Harm +Inv Int+3}
 78937 | Vaults:5 | Identified the staff of earth "Diucud Manwe" {Contam
                  | *Corrode rC+++ Stlth+}
 79129 | Vaults:5 | Got a silver rune of Zot
 79599 | Vaults:5 | Identified the +0 plate armour of Broken Taboos {*Slow rF+
                  | Int+3 Dex+2}
 79877 | Hell     | Entered the Vestibule of Hell
 79877 | Hell     | Noticed Geryon
 79890 | Hell     | Killed Geryon
 80428 | Hell     | Found a gateway to the Iron City of Dis.
 80689 | Hell     | Found a gateway to the ashen valley of Gehenna.
 81045 | Hell     | Found a gateway to the decaying netherworld of Tartarus.
 81191 | Hell     | Found a gateway to the freezing wastes of Cocytus.
 82059 | Zot:1    | Entered Level 1 of the Realm of Zot
 83307 | Zot:4    | Found a transporter.
 83373 | Zot:4    | Identified the +1 pair of gloves of Koyr {Harm Drain Int+2}
 84189 | Zot:4    | Found a large runed translucent door.
 84190 | Zot:4    | Found a large runed translucent door.
 84195 | Zot:4    | Noticed Muataran's ghost (veteran MiMo)
 84344 | Zot:4    | Found a transporter.
 84593 | Zot:4    | Killed Muataran's ghost
 84852 | Zot:3    | Noticed an orb of fire
 84864 | Zot:3    | Killed an orb of fire
 90368 | Zot:5    | Entered Level 5 of the Realm of Zot
 91706 | Zot:5    | Noticed a dread lich
 91707 | Zot:5    | Noticed an orb of fire
 91719 | Zot:5    | Killed a dread lich
 91778 | Zot:5    | Killed an orb of fire
 91798 | Zot:5    | Noticed an orb of fire
 91802 | Zot:5    | Noticed an orb of fire
 91804 | Zot:5    | Killed an orb of fire
 91808 | Zot:5    | Killed an orb of fire
 91810 | Zot:5    | Noticed an orb of fire
 91815 | Zot:5    | Gained mutation: You are weak. (Str -2) [an orb of fire]
 91816 | Zot:5    | Killed an orb of fire
 91842 | Zot:5    | Noticed an orb of fire
 91847 | Zot:5    | Killed an orb of fire
 92405 | Zot:5    | Noticed an orb of fire
 92408 | Zot:5    | Noticed an orb of fire
 92410 | Zot:5    | Killed an orb of fire
 92414 | Zot:5    | Noticed an orb of fire
 92416 | Zot:5    | Killed an orb of fire
 92417 | Zot:5    | Noticed an orb of fire
 92423 | Zot:5    | Killed an orb of fire
 92427 | Zot:5    | Killed an orb of fire
 92430 | Zot:5    | Noticed an ancient lich
 92798 | Zot:5    | Killed an ancient lich
 93171 | Zot:5    | Noticed a dread lich
 93173 | Zot:5    | Killed a dread lich
 93637 | Zot:5    | Got the Orb of Zot
 94066 | D:$      | Escaped with the Orb!

Illustrated notes

Levels and vault maps discovered:
D:1:      eino_arrival_druids_welcome, layout_basic
D:2:      layout_basic, serial_rivers, chequers_serial_rivers_large_a,
          chequers_serial_rivers_room_b, chequers_serial_rivers_micro_c,
          chequers_serial_rivers_micro_b, chequers_serial_rivers_room_a,
          chequers_serial_rivers_room_b, basic_altar
D:3:      layout_basic, gammafunk_ghost_grave
D:4:      layout_loops_cross, hangedman_decor_riveting
D:5:      layout_gridville, minmay_temple_entry_glassed_door,
          lightli_sewer_entry_pipes, minmay_hedge_maze, hangedman_decor_points
D:6:      layout_gridville, makhleb_altar_promises_db
D:7:      due_chaos_kobolds, layout_loops_corners, enter_bailey_2
D:8:      layout_rooms, lemuel_crystal_altar,
          mainiacjoe_overflow_six_doors_small, david_lair_shrubbed,
          serial_rivers, chequers_serial_rivers_micro_d,
          chequers_serial_rivers_small_3, chequers_serial_rivers_micro_a,
          chequers_serial_rivers_micro_a, serial_shops,
          nicolae_shop_window_shopping
D:9:      layout_roguey, kennysheep_mini, jmf_multi_god_temple2,
          mainiacjoe_overflow_cross_hatched, david_orc_5, uniq_harold
D:10:     minmay_shrinking_squares, layout_gridville,
          grunt_temple_overflow_cloverleaf, uniq_gastronok
D:11:     layout_layer_cave
D:12:     layout_gridville, serial_shops, nicolae_diamond_shop
D:13:     minmay_recursive_quarters, layout_cave_pools, david_vaults_3,
          zin_purify, uniq_sonja, uniq_rupert
D:14:     layout_long_grid, minmay_misc_feat_encased,
          portal_ice_cave_entry_pillars_three, laboratory, uniq_jorgrun,
          uniq_agnes
D:15:     grunt_enter_depths_hoard, layout_loops_ring, chequers_avenue,
          serial_shops, shop
Temple:   bh_familiar_temple
Lair:1:   layout_roguey, lemuel_fruit_tree
Lair:2:   layout_regular_city, minmay_shoals_entry_centaurs,
          spider_nest_entry_web_field, minmay_lair_oklob_items, wad_woods_03
Lair:3:   layout_concentric_octagons, bh_autumn_forest_stairs
Lair:4:   layout_small_grid, minivault_26, infiniplex_staircase_pool_2,
          grunt_megastairs_1
Lair:5:   evilmike_catoblepas_cave, layout_cave_pods,
          nicolae_slime_entry_slimehenge
Shoals:1: layout_shoals, serial_shops, nicolae_shop_rolled_up,
          nicolae_shop_tiny_glass, shop_statue, nicolae_shoals_loop_pool,
          uniq_aizul
Shoals:2: layout_shoals, hellmonk_ghost_happy_afterlife, uniq_ilsuiw
Shoals:3: layout_shoals, ebering_ghost_reflecting_pool,
          nicolae_shoals_stone_sculpture_thing
Shoals:4: shoals_end_simple, layout_shoals, serial_shops, shop_fountains
Spider:1: layout_spider_delve, hellmonk_narrow_tunnel,
          hangedman_spider_tarantella_strand
Spider:2: layout_spider_delve
Spider:3: spider_temple_joshua, uniq_nikola, uniq_arachne
Spider:4: hellmonk_spider_rune_bug_friends, drop_trap
Slime:1:  layout_caves
Slime:2:  layout_caves
Slime:3:  layout_caves, dissolution_awaits
Slime:4:  layout_caves
Slime:5
Orc:1:    layout_caves, serial_shops, shop, uniq_josephine
Orc:2:    grunt_orc_gardens, layout_caves, grunt_orc_garden, grunt_orc_garden,
          grunt_orc_garden, grunt_orc_garden, basic_altar, gammafunk_ghost_grave
Elf:1:    minmay_elf_arrival_circle, layout_geoelf_grid, minmay_elf_annihilation
Elf:2:    nicolae_elf_blades_splatter_lattice [grunt_blade_entry_basic],
          layout_loops_cross, ebering_ghost_reflecting_pool,
          nicolae_elf_martial_mastery, uniq_donald
Elf:3:    minmay_elf_hall_furrowed, layout_geoelf_diagonals, drop_trap,
          grunt_megastairs_4
Vaults:1: ebering_ghost_disaster_area, v_rooms_5, gammafunk_dig_for_victory,
          hangedman_vaults_restitches, nicolae_vaults_apartment_1,
          ontoclasm_vaults_ring_square, nicolae_vaults_trapezoid_lopsided_3,
          grunt_vaults_twisty, ontoclasm_vaults_misaligned,
          nicolae_vaults_border_crossing, layout_vaults_chaotic_city
Vaults:2: nicolae_vaults_sesquioval_fish, minmay_crypt_entry_nasty_monster,
          nicolae_vaults_trapezoid_2, v_misc_11, vaults_mumra_hex,
          nicolae_vaults_wine_cellar, nicolae_vaults_stand_back,
          nicolae_vaults_little_squares_1, ontoclasm_vaults_fault,
          layout_vaults_quadrants
Vaults:3: hangedman_vaults_stream, ontoclasm_vaults_shuriken,
          nicolae_vaults_tetromino_L_1, ontoclasm_vaults_decontamination,
          nicolae_vaults_little_ls, nicolae_vaults_ninety_degrees,
          nicolae_vaults_yaktaur_gun_rack, nicolae_vaults_rhombus_5,
          nicolae_vaults_mini_display_case, v_misc_28, layout_vaults_omnibox,
          uniq_boris, uniq_mennas, uniq_bai_suzhen
Vaults:4: nicolae_vaults_inception_corners, grunt_vaults_focal,
          nicolae_vaults_heist, v_misc_11, hangedman_vaults_trim,
          hangedman_vaults_maws, v_misc_17, hangedman_vaults_unwind,
          hangedman_vaults_stretched_pinwheel, vaults_room_semicircle,
          nicolae_vaults_apartment_1, vaults_dpeg_encased_lava,
          layout_vaults_maze_bifur, serial_shops,
          nicolae_shop_overgrown_old_shop
Vaults:5: uniq_jory
Crypt:1:  layout_regular_city
Crypt:2:  layout_basic
Crypt:3:  lightli_unholy_cathedral, layout_chaotic_city,
          tomb_entry_simple_bobbens, hangedman_feature_mirror
Depths:1: layout_honeycomb, enter_ziggurat_f,
          nicolae_hepliaklqana_ecumenical_no_more, hellmouth_1,
          nicolae_dithmenos_shadow_blocks, uniq_mara
Depths:2: nicolae_legendary_halls, layout_small_grid, hellmouth_3,
          rand_demon_pan_entry_1, uniq_grunn, uniq_asterion, uniq_josephina
Depths:3: dreamdust_under_siege, layout_basic, grunt_mini_vestibule,
          hangedman_abyss_entry_splay, kiku_gazebo_garden_becter, firewood_loft
Depths:4: evilmike_zot_entry_argh, layout_honeycomb, tso_metal_star, hell_entry,
          nicolae_abyss_entry_one_way_or_another, rand_demon_pan_entry_3,
          serial_shops, shop, shop, nicolae_shop_trees, nicolae_shop_drivethru,
          shop, st_stairs_5
Hell
Zot:1:    layout_cellular_growth, drop_trap
Zot:2:    nicolae_zot_stationary_front, layout_concentric_octagons,
          grunt_megastairs_5
Zot:3:    grunt_zot_stairs_faceoff, layout_basic
Zot:4:    gammafunk_its_a_trap, layout_onion_interference,
          ebering_ghost_disaster_area, zot_minivault_1
Zot:5:    layout_gridlike, lemuel_baited_zot_trap

Skill      XL: |  1  2  3  4  5  6  7  8  9 10 11 12 13 14 15 16 17 18 19 20 21 22 23 24 25 26 27 |
---------------+----------------------------------------------------------------------------------+-----
Spellcasting   | 5 6 8 9 10 11 12 13 14 15 16 17 18 20 | 20.8
Invocations    | 1 2 3 4 6 7 8 9 10 11 12 13 14 15 16 17 18 19 21 | 21.9
Fighting       | 1 2 3 4 6 7 8 9 10 11 12 13 14 15 16 17 18 20 | 20.3
Short Blades   | 1 2 3 4 6 7 8 9 10 11 12 13 14 15 16 17 18 20 | 20.3
Long Blades    | 1 2 3 4 6 7 8 9 10 11 12 13 14 15 16 17 18 20 | 20.3
Axes           | 1 2 3 4 6 7 8 9 10 11 12 13 14 15 16 17 18 20 | 20.3
Maces & Flails | 1 2 3 4 6 7 8 9 10 11 12 13 14 15 16 17 18 20 | 20.3
Polearms       | 1 2 3 4 6 7 8 9 10 11 12 13 14 15 16 17 18 20 | 20.3
Staves         | 1 2 3 4 6 7 8 9 10 11 12 13 14 15 16 17 18 20 | 20.3
Ranged Weapons | 1 2 3 4 6 7 8 9 10 11 12 13 14 15 16 17 18 20 | 20.3
Throwing       | 1 2 3 4 6 7 8 9 10 11 12 13 14 15 16 17 18 20 | 20.3
Armour         | 1 2 3 4 6 7 8 9 10 12 13 14 16 17 18 19 20 21 22 25 | 25.7
Shields        | 1 2 3 4 6 7 8 9 10 11 13 14 15 16 17 18 19 20 21 22 25 | 25.5
Unarmed Combat | 1 2 3 4 6 7 8 9 10 11 12 13 14 15 16 17 18 20 | 20.3
Evocations     | 1 2 3 4 6 7 8 9 10 11 12 13 14 15 16 17 18 20 | 20.3
Hexes          | 1 2 3 5 6 7 8 9 10 11 12 13 14 15 17 | 17.4
Summonings     | 1 2 3 5 6 7 8 9 10 11 12 13 14 15 17 | 17.4
Necromancy     | 1 2 3 5 6 7 8 9 10 11 12 13 14 15 17 | 17.4
Translocations | 1 2 3 5 6 7 8 9 10 11 12 13 14 15 17 | 17.4
Transmutations | 1 2 3 5 6 7 8 9 10 11 12 13 14 15 17 | 17.4
Fire Magic     | 1 2 3 5 6 7 8 9 10 11 12 13 14 15 17 | 17.4
Ice Magic      | 1 2 3 5 6 7 8 9 10 11 12 13 14 15 17 | 17.4
Air Magic      | 1 2 3 5 6 7 8 9 10 11 12 13 14 15 17 | 17.4
Earth Magic    | 1 2 3 5 6 7 8 9 10 11 12 13 14 15 17 | 17.4
Poison Magic   | 1 2 3 5 6 7 8 9 10 11 12 13 14 15 17 | 17.4
Dodging        | 5 6 7 8 9 10 11 12 13 14 15 16 17 18 20 | 20.7
Stealth        | 5 7 8 9 10 11 12 13 14 15 16 17 18 20 | 20.7
Conjurations   | 8 9 10 11 12 13 14 15 16 18 | 18.6

Action                     |  1- 3 |  4- 6 |  7- 9 | 10-12 | 13-15 | 16-18 | 19-21 | 22-24 | 25-27 || total
---------------------------+-------+-------+-------+-------+-------+-------+-------+-------+-------++-------
  Melee: Unarmed           |    55 |       |       |       |       |       |       |       |       ||    55
         Bite              |     5 |     4 |     1 |     4 |     6 |    38 |     7 |    24 |    30 ||   119
         Punch             |     1 |       |       |       |       |       |       |       |       ||     1
         Dagger            |     1 |     5 |       |     1 |     2 |       |       |       |       ||     9
         Staff             |       |    25 |    28 |    25 |     2 |    77 |    79 |   106 |   177 ||   519
         Whip              |       |     7 |     3 |       |       |       |       |       |       ||    10
         Hand axe          |       |       |       |     7 |    59 |   137 |       |       |       ||   203
  Throw: Dart              |       |       |     9 |    16 |    15 |     9 |       |       |       ||    49
         Boomerang         |       |       |     2 |     3 |       |       |       |       |       ||     5
         Javelin           |       |       |       |       |     1 |       |     2 |     8 |    11 ||    22
   Cast: Magic Dart        |    54 |   134 |    87 |   143 |   225 |    55 |     9 |     1 |    34 ||   742
         Searing Ray       |     2 |    22 |    32 |    49 |   155 |    59 |     5 |       |     1 ||   325
         Frozen Ramparts   |       |     3 |     2 |    14 |    23 |    29 |     5 |     7 |    16 ||    99
         Dazzling Flash    |       |       |     2 |     1 |       |       |       |       |       ||     3
         Fulminant Prism   |       |       |     5 |    46 |    13 |     8 |     1 |       |       ||    73
         Summon Ice Beast  |       |       |       |     8 |     1 |     1 |       |       |       ||    10
         Blink             |       |       |       |     3 |     3 |       |       |       |     9 ||    15
         Iskenderun's Myst |       |       |       |     8 |    39 |    63 |    27 |    33 |    20 ||   190
         Iskenderun's Batt |       |       |       |    24 |   112 |    24 |     9 |     5 |     9 ||   183
         Iron Shot         |       |       |       |       |    38 |   198 |   170 |   157 |   544 ||  1107
         Dispel Undead     |       |       |       |       |     9 |       |       |    70 |    23 ||   102
         Fireball          |       |       |       |       |       |   236 |   481 |   346 |   536 ||  1599
         Maxwell's Capacit |       |       |       |       |       |       |       |     3 |    10 ||    13
         Ignition          |       |       |       |       |       |       |       |       |    69 ||    69
         Polar Vortex      |       |       |       |       |       |       |       |       |     7 ||     7
  Evoke: Wand              |       |       |     1 |     7 |    11 |    18 |       |     7 |    18 ||    62
         Condenser vane    |       |       |       |       |     3 |     1 |     1 |     1 |       ||     6
         Box of beasts     |       |       |       |       |     1 |       |       |     1 |       ||     2
         Lightning rod     |       |       |       |       |       |     2 |     4 |     4 |       ||    10
    Use: Scroll            |       |     7 |     8 |     6 |     2 |     3 |     2 |     1 |    16 ||    45
         Potion            |       |     1 |     4 |     2 |     1 |     1 |       |     2 |    13 ||    24
   Stab: Sleeping          |       |     1 |       |     1 |     1 |       |       |       |       ||     3
         Invisible         |       |       |     1 |       |       |       |       |       |     1 ||     2
 Armour: Robe              |    15 |    12 |     9 |     2 |       |       |       |       |       ||    38
         Acid dragon scale |       |       |       |    16 |    80 |   167 |    44 |    23 |       ||   330
         Leather armour    |       |       |       |       |       |       |       |    75 |    74 ||   149
  Dodge: Dodged            |    68 |    38 |    61 |    72 |   169 |   304 |   112 |   155 |   195 ||  1174
  Block: Buckler           |       |       |     9 |    29 |   101 |    36 |       |       |       ||   175
         Kite shield       |       |       |       |       |       |   256 |   155 |   259 |   224 ||   894

Table legend: (Time is in decaauts)
 A = Elapsed time spent in this place.
 B = Non-inter-level travel time spent in this place.
 C = Inter-level travel time spent in this place.
 D = Time resting spent in this place.
 E = Time spent auto-exploring this place.
 F = Levels seen in this place.
 G = Mean time per level.
                   A        B        C        D        E       F      G
               +--------+--------+--------+--------+--------+-----+--------+
         Total |  98209 |  88362 |   9847 |  27881 |  47602 |  61 | 1610.0 |
       Dungeon |  21275 |  18114 |   3161 |   2592 |  12792 |  15 | 1418.3 |
        Temple |    187 |    166 |     21 |      0 |    160 |   1 |  187.0 |
          Lair |   7656 |   6435 |   1221 |   1100 |   4378 |   5 | 1531.2 |
        Shoals |   5714 |   5543 |    171 |   1806 |   3077 |   4 | 1428.5 |
   Spider Nest |   7756 |   6685 |   1071 |   2669 |   3200 |   4 | 1939.0 |
    Slime Pits |   1254 |   1177 |     77 |    820 |      0 |   5 |  250.8 |
  Orcish Mines |   2899 |   2543 |    356 |    904 |   1157 |   2 | 1449.5 |
   Elven Halls |   6804 |   6574 |    230 |   2663 |   2909 |   3 | 2268.0 |
        Vaults |  12520 |  11332 |   1188 |   4014 |   5865 |   5 | 2504.0 |
         Crypt |   5605 |   5483 |    122 |   2773 |   2104 |   3 | 1868.3 |
        Depths |   9309 |   7981 |   1328 |   2674 |   4291 |   4 | 2327.2 |
          Hell |   1225 |   1184 |     41 |    241 |    758 |   1 | 1225.0 |
           Zot |  11564 |  10708 |    856 |   4287 |   5088 |   5 | 2312.8 |
         Abyss |     91 |     91 |      0 |      0 |      0 |   1 |   91.0 |
         Sewer |   1345 |   1345 |      0 |    152 |    878 |   1 | 1345.0 |
        Bailey |   1088 |   1088 |      0 |    505 |    214 |   1 | 1088.0 |
      Ice Cave |   1910 |   1910 |      0 |    679 |    726 |   1 | 1910.0 |
               +--------+--------+--------+--------+--------+-----+--------+

Top non-repeatable levels by time:
Vaults:1: 3690 daAuts
Vaults:2: 2973 daAuts
   Zot:5: 2909 daAuts
   Elf:3: 2861 daAuts
   Zot:2: 2828 daAuts
Spider:1: 2678 daAuts
 Crypt:2: 2676 daAuts
Depths:2: 2658 daAuts
Depths:3: 2594 daAuts
Vaults:4: 2548 daAuts
   Zot:3: 2480 daAuts
   Elf:2: 2457 daAuts
Depths:1: 2204 daAuts
  Lair:5: 2184 daAuts
Spider:3: 2125 daAuts

Table legend:
 A = Kills in this place as a percentage of kills in the entire game.
 B = Kills by you in this place as a percentage of kills by you in the entire game.
 C = Kills by friends in this place as a percentage of kills by friends in the entire game.
 D = Other kills in this place as a percentage of other kills in the entire game.
 E = Experience gained in this place as a percentage of experience gained in the entire game.
 F = Experience gained in this place divided by the number of levels of this place that you have seen.
                   A       B       C       D       E      F
               +-------+-------+-------+-------+-------+----------------------
         Total | 100.0 | 100.0 | 100.0 | 100.0 | 100.0 | 27212.4
       Dungeon |  16.1 |  16.0 |  46.2 |   0.0 |   5.1 | 5635.2
          Lair |   6.2 |   6.2 |   0.0 |   0.0 |   3.2 | 10658.4
        Shoals |   6.6 |   6.7 |   0.0 |   0.0 |   5.5 | 22739.5
   Spider Nest |   8.5 |   8.4 |   7.7 |  50.0 |   6.1 | 25357.0
    Slime Pits |   2.7 |   2.7 |   0.0 |   0.0 |   3.0 | 9889.6
  Orcish Mines |   4.5 |   4.4 |   0.0 |  33.3 |   1.3 | 10661.0
   Elven Halls |   7.1 |   7.1 |   0.0 |  16.7 |   8.1 | 45009.0
        Vaults |  14.9 |  14.9 |  23.1 |   0.0 |  18.7 | 62222.8
         Crypt |   6.8 |   6.8 |   0.0 |   0.0 |   7.3 | 40552.3
        Depths |   9.2 |   9.2 |   0.0 |   0.0 |  13.6 | 56566.5
          Hell |   2.7 |   2.8 |   0.0 |   0.0 |   2.9 | 48314.0
           Zot |   9.8 |   9.9 |   0.0 |   0.0 |  23.1 | 76571.6
         Abyss |   0.1 |   0.1 |   0.0 |   0.0 |   0.2 | 2566.0
         Sewer |   1.4 |   1.4 |   0.0 |   0.0 |   0.0 | 218.0
        Bailey |   1.1 |   0.9 |  23.1 |   0.0 |   0.2 | 3222.0
      Ice Cave |   2.3 |   2.3 |   0.0 |   0.0 |   1.7 | 27738.0
               +-------+-------+-------+-------+-------+----------------------

Levels and vault maps discovered:
D:1:      eino_arrival_druids_welcome, layout_basic
D:2:      layout_basic, serial_rivers, chequers_serial_rivers_large_a,
          chequers_serial_rivers_room_b, chequers_serial_rivers_micro_c,
          chequers_serial_rivers_micro_b, chequers_serial_rivers_room_a,
          chequers_serial_rivers_room_b, basic_altar
D:3:      layout_basic, gammafunk_ghost_grave
D:4:      layout_loops_cross, hangedman_decor_riveting
D:5:      layout_gridville, minmay_temple_entry_glassed_door,
          lightli_sewer_entry_pipes, minmay_hedge_maze, hangedman_decor_points
D:6:      layout_gridville, makhleb_altar_promises_db
D:7:      due_chaos_kobolds, layout_loops_corners, enter_bailey_2
D:8:      layout_rooms, lemuel_crystal_altar,
          mainiacjoe_overflow_six_doors_small, david_lair_shrubbed,
          serial_rivers, chequers_serial_rivers_micro_d,
          chequers_serial_rivers_small_3, chequers_serial_rivers_micro_a,
          chequers_serial_rivers_micro_a, serial_shops,
          nicolae_shop_window_shopping
D:9:      layout_roguey, kennysheep_mini, jmf_multi_god_temple2,
          mainiacjoe_overflow_cross_hatched, david_orc_5, uniq_harold
D:10:     minmay_shrinking_squares, layout_gridville,
          grunt_temple_overflow_cloverleaf, uniq_gastronok
D:11:     layout_layer_cave
D:12:     layout_gridville, serial_shops, nicolae_diamond_shop
D:13:     minmay_recursive_quarters, layout_cave_pools, david_vaults_3,
          zin_purify, uniq_sonja, uniq_rupert
D:14:     layout_long_grid, minmay_misc_feat_encased,
          portal_ice_cave_entry_pillars_three, laboratory, uniq_jorgrun,
          uniq_agnes
D:15:     grunt_enter_depths_hoard, layout_loops_ring, chequers_avenue,
          serial_shops, shop
Temple:   bh_familiar_temple
Lair:1:   layout_roguey, lemuel_fruit_tree
Lair:2:   layout_regular_city, minmay_shoals_entry_centaurs,
          spider_nest_entry_web_field, minmay_lair_oklob_items, wad_woods_03
Lair:3:   layout_concentric_octagons, bh_autumn_forest_stairs
Lair:4:   layout_small_grid, minivault_26, infiniplex_staircase_pool_2,
          grunt_megastairs_1
Lair:5:   evilmike_catoblepas_cave, layout_cave_pods,
          nicolae_slime_entry_slimehenge
Shoals:1: layout_shoals, serial_shops, nicolae_shop_rolled_up,
          nicolae_shop_tiny_glass, shop_statue, nicolae_shoals_loop_pool,
          uniq_aizul
Shoals:2: layout_shoals, hellmonk_ghost_happy_afterlife, uniq_ilsuiw
Shoals:3: layout_shoals, ebering_ghost_reflecting_pool,
          nicolae_shoals_stone_sculpture_thing
Shoals:4: shoals_end_simple, layout_shoals, serial_shops, shop_fountains
Spider:1: layout_spider_delve, hellmonk_narrow_tunnel,
          hangedman_spider_tarantella_strand
Spider:2: layout_spider_delve
Spider:3: spider_temple_joshua, uniq_nikola, uniq_arachne
Spider:4: hellmonk_spider_rune_bug_friends, drop_trap
Slime:1:  layout_caves
Slime:2:  layout_caves
Slime:3:  layout_caves, dissolution_awaits
Slime:4:  layout_caves
Slime:5
Orc:1:    layout_caves, serial_shops, shop, uniq_josephine
Orc:2:    grunt_orc_gardens, layout_caves, grunt_orc_garden, grunt_orc_garden,
          grunt_orc_garden, grunt_orc_garden, basic_altar, gammafunk_ghost_grave
Elf:1:    minmay_elf_arrival_circle, layout_geoelf_grid, minmay_elf_annihilation
Elf:2:    nicolae_elf_blades_splatter_lattice [grunt_blade_entry_basic],
          layout_loops_cross, ebering_ghost_reflecting_pool,
          nicolae_elf_martial_mastery, uniq_donald
Elf:3:    minmay_elf_hall_furrowed, layout_geoelf_diagonals, drop_trap,
          grunt_megastairs_4
Vaults:1: ebering_ghost_disaster_area, v_rooms_5, gammafunk_dig_for_victory,
          hangedman_vaults_restitches, nicolae_vaults_apartment_1,
          ontoclasm_vaults_ring_square, nicolae_vaults_trapezoid_lopsided_3,
          grunt_vaults_twisty, ontoclasm_vaults_misaligned,
          nicolae_vaults_border_crossing, layout_vaults_chaotic_city
Vaults:2: nicolae_vaults_sesquioval_fish, minmay_crypt_entry_nasty_monster,
          nicolae_vaults_trapezoid_2, v_misc_11, vaults_mumra_hex,
          nicolae_vaults_wine_cellar, nicolae_vaults_stand_back,
          nicolae_vaults_little_squares_1, ontoclasm_vaults_fault,
          layout_vaults_quadrants
Vaults:3: hangedman_vaults_stream, ontoclasm_vaults_shuriken,
          nicolae_vaults_tetromino_L_1, ontoclasm_vaults_decontamination,
          nicolae_vaults_little_ls, nicolae_vaults_ninety_degrees,
          nicolae_vaults_yaktaur_gun_rack, nicolae_vaults_rhombus_5,
          nicolae_vaults_mini_display_case, v_misc_28, layout_vaults_omnibox,
          uniq_boris, uniq_mennas, uniq_bai_suzhen
Vaults:4: nicolae_vaults_inception_corners, grunt_vaults_focal,
          nicolae_vaults_heist, v_misc_11, hangedman_vaults_trim,
          hangedman_vaults_maws, v_misc_17, hangedman_vaults_unwind,
          hangedman_vaults_stretched_pinwheel, vaults_room_semicircle,
          nicolae_vaults_apartment_1, vaults_dpeg_encased_lava,
          layout_vaults_maze_bifur, serial_shops,
          nicolae_shop_overgrown_old_shop
Vaults:5: uniq_jory
Crypt:1:  layout_regular_city
Crypt:2:  layout_basic
Crypt:3:  lightli_unholy_cathedral, layout_chaotic_city,
          tomb_entry_simple_bobbens, hangedman_feature_mirror
Depths:1: layout_honeycomb, enter_ziggurat_f,
          nicolae_hepliaklqana_ecumenical_no_more, hellmouth_1,
          nicolae_dithmenos_shadow_blocks, uniq_mara
Depths:2: nicolae_legendary_halls, layout_small_grid, hellmouth_3,
          rand_demon_pan_entry_1, uniq_grunn, uniq_asterion, uniq_josephina
Depths:3: dreamdust_under_siege, layout_basic, grunt_mini_vestibule,
          hangedman_abyss_entry_splay, kiku_gazebo_garden_becter, firewood_loft
Depths:4: evilmike_zot_entry_argh, layout_honeycomb, tso_metal_star, hell_entry,
          nicolae_abyss_entry_one_way_or_another, rand_demon_pan_entry_3,
          serial_shops, shop, shop, nicolae_shop_trees, nicolae_shop_drivethru,
          shop, st_stairs_5
Hell
Zot:1:    layout_cellular_growth, drop_trap
Zot:2:    nicolae_zot_stationary_front, layout_concentric_octagons,
          grunt_megastairs_5
Zot:3:    grunt_zot_stairs_faceoff, layout_basic
Zot:4:    gammafunk_its_a_trap, layout_onion_interference,
          ebering_ghost_disaster_area, zot_minivault_1
Zot:5:    layout_gridlike, lemuel_baited_zot_trap
